 Dungeon Crawl Stone Soup version 0.20-a0-1116-gaa52201 (webtiles) character file.

249 M4edhros the Covert (level 6, -10/38 HPs)
             Began as an Octopode Artificer on May 6, 2017.
             Mangled by an ogre
             ... wielding a +0 giant club
              (22 damage)
             ... on level 5 of the Dungeon.
             The game lasted 00:01:57 (1483 turns).

M4edhros the Covert (Octopode Artificer)            Turns: 1483, Time: 00:01:57

Health: -10/38     AC:  1    Str: 12    XL:     6   Next: 12%
Magic:  17/17      EV: 13    Int: 13    God:
Gold:   60         SH:  0    Dex: 14    Spells: 5/5 levels left

rFire    . . .     SeeInvis .   a - +0 short sword
rCold    . . .     Gourm    .   (no shield)
rNeg     . . .     Faith    .   (helmet restricted)
rPois    .         Spirit   .   (no amulet)
rElec    .         Reflect  .   e - ring of magical power
rCorr    +         Harm     .   o - ring of resist corrosion
MR       .....                  (no ring)
Stlth    +++++.....             (no ring)
Regen    0.2/turn               (no ring)
MPRegen  0.2/turn               (no ring)
                                (no ring)
                                (no ring)

@: no status effects
A: almost no armour, stealthy swim, amphibious, 8 rings, constrict 8, camouflage
1, gelatinous body 1
a: no special abilities


You were on level 5 of the Dungeon.
You were not hungry.

You visited 1 branch of the dungeon, and saw 5 of its levels.

You collected 60 gold pieces.

Inventory:

Hand Weapons
 a - a +0 short sword (weapon)
Jewellery
 e - a ring of magical power (left tentacle)
 o - a ring of resist corrosion (right tentacle)
Wands
 b - a wand of flame (7/48)
 c - a wand of enslavement (5/24)
 d - a wand of random effects (13/48)
Scrolls
 g - 2 scrolls of random uselessness {unknown}
 m - a scroll of remove curse {unknown}
 n - 2 scrolls of blinking {unknown}
 r - a scroll of identify {unknown}
Potions
 h - a potion of lignification {unknown}
 j - a potion of agility {unknown}
 l - a potion of brilliance {unknown}
 p - a potion of resistance {unknown}
 q - a potion of curing {unknown}
 s - a potion of ambrosia {unknown}
 t - a potion of heal wounds {unknown}
Comestibles
 f - 4 bread rations
 i - a meat ration
 k - a royal jelly
 u - 2 chunks of flesh


   Skills:
 - Level 1.0 Fighting
 - Level 1.0 Short Blades
 - Level 2.0 Dodging
 + Level 8.5 Stealth
 - Level 3.2 Evocations


You had 5 spell levels left.
You didn't know any spells.

Dungeon Overview and Level Annotations

Branches:
Dungeon (5/15)
 Temple: D:4-7

Altars:


Innate Abilities, Weirdness & Mutations

You cannot wear most types of armour.
You are very stealthy in the water. (Stealth+)
You are amphibious.
You can wear up to eight rings at the same time.
You can use your tentacles to constrict eight enemies at once.
Your skin changes colour to match your surroundings (Stealth+).
Your rubbery body absorbs attacks. (AC +1, EV +1)


Message History

Aim: an ogre, wielding a giant club (heavily wounded)
The puff of flame misses the ogre.
This wand has 9 charges left.
The ogre hits you with a giant club!!
Ouch! That really hurt!
Evoke which item? (* to show all) (? for menu, Esc to quit)
Aiming: Throw Flame
Press: ? - help, Shift-Dir - straight line, f/p - ogre
Aim: an ogre, wielding a giant club (heavily wounded)
The puff of flame hits the ogre.
The ogre is severely wounded.
This wand has 8 charges left.
Evoke which item? (* to show all) (? for menu, Esc to quit)
Aiming: Throw Flame
Press: ? - help, Shift-Dir - straight line, f/p - ogre
Aim: an ogre, wielding a giant club (severely wounded)
The puff of flame hits the ogre.
The ogre is severely wounded.
This wand has 7 charges left.
The ogre hits you with a giant club!!
Ouch! That really hurt!
You die...

##+# ##...##
##.....##
##.......## #
#.........##.#...
+.......).O......
#........@##.#..
##.......##
##.....## ##...##
##'## #.#
##.########
#.........#
##...#####.#


You could see an ogre.

Vanquished Creatures
  A centaur (D:5)
  A scorpion (D:5)
  A hound (D:5)
  3 gnolls
  2 dart slugs (D:1)
  2 bats
  6 giant cockroaches
  4 goblins
  A hobgoblin (D:3)
  2 jackals (D:2)
  3 quokkas
  A frilled lizard (D:2)
  3 rats
30 creatures vanquished.

Vanquished Creatures (collateral kills)
  A scorpion (D:5)
  A gnoll (D:5)
  An adder (D:2)
3 creatures vanquished.

Vanquished Creatures (others)
  2 gnolls
2 creatures vanquished.

Grand Total: 35 creatures vanquished

Notes
Turn   | Place    | Note
-------+----------+-------------------------------------------
     0 | D:1      | M4edhros the Octopode Artificer began the quest for the Orb.
     0 | D:1      | Reached XP level 1. HP: 13/13 MP: 3/3
    96 | D:1      | Reached skill level 2 in Stealth
   105 | D:1      | Reached skill level 3 in Stealth
   105 | D:1      | Reached XP level 2. HP: 18/18 MP: 4/4
   201 | D:2      | Reached skill level 4 in Stealth
   201 | D:2      | Reached XP level 3. HP: 10/23 MP: 5/5
   202 | D:2      | HP: 1/23 [gnoll (9)]
   835 | D:2      | Reached skill level 5 in Stealth
   913 | D:4      | Noticed a phantom
   931 | D:5      | Entered Level 5 of the Dungeon
   931 | D:5      | Noticed a scorpion
   931 | D:5      | Noticed a scorpion
   945 | D:5      | Killed a scorpion
   945 | D:5      | Reached XP level 4. HP: 22/28 MP: 6/6
   988 | D:5      | Reached skill level 6 in Stealth
  1034 | D:5      | Reached skill level 7 in Stealth
  1034 | D:5      | Reached XP level 5. HP: 24/33 MP: 7/7
  1342 | D:5      | Noticed a centaur
  1350 | D:5      | Killed a centaur
  1350 | D:5      | Reached skill level 8 in Stealth
  1350 | D:5      | Reached XP level 6. HP: 17/38 MP: 8/8
  1483 | D:5      | Mangled by an ogre

Vault maps used:
D:1:      sevenhm_arrival_forest_fort_large_4
D:2:      first_bread
D:3:      uniq_crazy_yiuf_cottage
D:4:      minmay_misc_feat_square, minivault_23, minmay_surrounded
D:5:      cheibrodos_quashed, minmay_shop_grid_forest

Skill      XL: |  1  2  3  4  5 |
---------------+----------------+-----
Stealth        | 3 4 5 7 8 |  8.5
Fighting       | |  1.0
Short Blades   | |  1.0
Dodging        | |  2.0
Evocations     | |  3.2

Action                   |  1- 3 |  4- 6 || total
-------------------------+-------+-------++-------
Melee: Short sword       |    41 |    14 ||    55
       Constrict         |    12 |     2 ||    14
       Tentacles         |     9 |     3 ||    12
Evoke: Wand              |     4 |    16 ||    20
 Stab: Sleeping          |    10 |     2 ||    12
       Distracted        |       |     1 ||     1
  Eat: Chunk             |       |     2 ||     2
Armor: Skin              |     1 |     1 ||     2
Dodge: Dodged            |    19 |     4 ||    23
